[ AOE2 MATCH · #477114962 ]
UnrankedFranks vs Dravidians
[ REPLAY ANALYSIS · EXTRACTED FROM THE RECORDED GAME ]
Feudal
9:47
Castle
21:06
Imperial
34:38
| APM avg | 46.5 |
| APM peak | 88 |
| eAPM avg | 22.4 |
| Villagers / military | 140 / 26 |
Focus
⚔️ 18.7% · 🌾 81.3%
Knight ×16 · Skirmisher ×4 · Spearman ×3 · Scout Cavalry ×3
Feudal
10:41
Castle
14:33
Imperial
30:56
| APM avg | 39.0 |
| APM peak | 71 |
| eAPM avg | 21.6 |
| Villagers / military | 120 / 38 |
Focus
⚔️ 32.2% · 🌾 67.8%
Elephant Archer ×23 · Scout Cavalry ×5 · Armored Elephant ×4 · Monk ×3 · Trebuchet (Packed) ×2 · Mangonel ×1
Feudal
10:36
Castle
14:42
Imperial
30:49
| APM avg | 41.1 |
| APM peak | 84 |
| eAPM avg | 27.9 |
| Villagers / military | 122 / 66 |
Focus
⚔️ 60.8% · 🌾 39.2%
Teutonic Knight ×21 · Militia ×18 · Knight ×16 · Skirmisher ×10 · Trebuchet (Packed) ×1
Feudal
11:08
Castle
14:54
Imperial
33:02
| APM avg | 45.4 |
| APM peak | 66 |
| eAPM avg | 26.3 |
| Villagers / military | 164 / 75 |
Focus
⚔️ 36.0% · 🌾 64.0%
Spearman ×41 · Berserk ×22 · Monk ×8 · Trebuchet (Packed) ×4
Match map
Initial resources + every placement click. Lines = walls · curves = elevation contours. ◆ gold · ⬟ stone · ● berries · ✦ relic · ◌ wall gap
Your base· ✓ Closed at 21:06 · 33t walls · no gate
sacaninha's base· Open — unwalled flank
Forrest's base· Open — unwalled flank
facu's base· Open — 5t gap
Smoothed initial terrain · ◌ = detected wall gap · hover for details
Inputs per minute
— GdR_Grifiss(twitch.tv/grifiss84) - - sacaninha
Build order — GdR_Grifiss(twitch.tv/grifiss84)
First 150 of 276 actions detected
| 0:02 | Create | Villager (Male) |
| 0:02 | Create | Villager (Male) |
| 0:02 | Create | Villager (Male) |
| 0:04 | Build | House |
| 0:05 | Build | House |
| 0:24 | Create | Villager (Male) |
| 0:24 | Create | Villager (Male) |
| 0:24 | Create | Villager (Male) |
| 0:24 | Create | Villager (Male) |
| 0:24 | Create | Villager (Male) |
| 0:25 | Create | Villager (Male) |
| 0:25 | Create | Villager (Male) |
| 1:28 | Create | Villager (Male) |
| 1:28 | Create | Villager (Male) |
| 1:55 | Create | Villager (Male) |
| 1:55 | Create | Villager (Male) |
| 1:55 | Create | Villager (Male) |
| 1:55 | Create | Villager (Male) |
| 1:55 | Create | Villager (Male) |
| 1:56 | Create | Villager (Male) |
| 1:56 | Create | Villager (Male) |
| 2:17 | Build | Lumber Camp |
| 2:27 | Create | Villager (Male) |
| 2:27 | Create | Villager (Male) |
| 3:16 | Create | Villager (Male) |
| 3:16 | Create | Villager (Male) |
| 3:21 | Build | House |
| 3:39 | Create | Villager (Male) |
| 3:40 | Create | Villager (Male) |
| 4:28 | Create | Villager (Male) |
| 4:37 | Build | Mill |
| 4:49 | Create | Villager (Male) |
| 5:16 | Create | Villager (Male) |
| 5:39 | Create | Villager (Male) |
| 5:55 | Create | Villager (Male) |
| 6:30 | Research | Loom |
| 7:14 | Build | Barracks |
| 7:37 | Research | Feudal Age |
| 7:55 | Build | House |
| 9:47 | Age | Feudal Age |
| 9:59 | Build | Stable |
| 10:00 | Create | Villager (Male) |
| 10:02 | Research | Double-Bit Axe |
| 10:14 | Create | Villager (Male) |
| 10:19 | Build | House |
| 10:30 | Create | Villager (Male) |
| 10:50 | Create | Scout Cavalry |
| 10:50 | Create | Scout Cavalry |
| 10:51 | Create | Villager (Male) |
| 10:52 | Create | Villager (Male) |
| 10:55 | Build | House |
| 10:58 | Build | Farm |
| 11:00 | Build | Farm |
| 11:07 | Build | Farm |
| 11:31 | Create | Villager (Male) |
| 11:35 | Build | Blacksmith |
| 11:39 | Build | Farm |
| 12:09 | Create | Villager (Male) |
| 12:13 | Build | Farm |
| 12:17 | Build | House |
| 12:25 | Build | House |
| 12:29 | Build | Palisade Wall |
| 12:30 | Build | Palisade Wall |
| 12:30 | Create | Villager (Male) |
| 12:37 | Create | Villager (Male) |
| 12:39 | Build | Farm |
| 12:44 | Create | Scout Cavalry |
| 12:52 | Build | House |
| 12:55 | Build | House |
| 13:04 | Build | Farm |
| 13:10 | Create | Villager (Male) |
| 13:19 | Build | Lumber Camp |
| 13:39 | Create | Villager (Male) |
| 13:54 | Create | Villager (Male) |
| 14:09 | Build | Farm |
| 14:11 | Build | Farm |
| 14:13 | Build | Farm |
| 14:42 | Build | Palisade Wall |
| 14:50 | Build | Mining Camp |
| 15:01 | Create | Villager (Male) |
| 15:05 | Build | Farm |
| 15:30 | Create | Villager (Male) |
| 15:43 | Create | Villager (Male) |
| 15:47 | Build | Farm |
| 16:10 | Create | Villager (Male) |
| 16:42 | Create | Spearman |
| 16:49 | Build | Farm |
| 16:51 | Build | Farm |
| 17:00 | Create | Spearman |
| 17:08 | Build | Palisade Wall |
| 17:11 | Build | House |
| 17:13 | Create | Villager (Male) |
| 17:18 | Create | Spearman |
| 17:27 | Build | House |
| 17:42 | Build | House |
| 18:07 | Build | House |
| 18:12 | Build | Palisade Wall |
| 18:15 | Build | Palisade Wall |
| 18:24 | Build | Farm |
| 18:26 | Research | Castle Age |
| 18:37 | Create | Villager (Male) |
| 19:15 | Build | House |
| 19:32 | Build | House |
| 19:55 | Build | House |
| 20:17 | Create | Villager (Male) |
| 20:17 | Create | Villager (Male) |
| 20:20 | Build | House |
| 20:22 | Build | House |
| 20:45 | Build | Stable |
| 20:49 | Research | Forging |
| 21:02 | Create | Villager (Male) |
| 21:06 | Age | Castle Age |
| 21:14 | Build | Town Center |
| 21:16 | Create | Villager (Male) |
| 21:19 | Research | Bow Saw |
| 21:25 | Create | Villager (Male) |
| 21:34 | Create | Knight |
| 21:34 | Create | Knight |
| 21:40 | Build | House |
| 21:41 | Build | House |
| 21:46 | Build | Farm |
| 21:48 | Create | Villager (Male) |
| 22:23 | Build | House |
| 22:25 | Build | House |
| 22:28 | Create | Villager (Male) |
| 22:29 | Create | Villager (Male) |
| 22:38 | Create | Knight |
| 22:45 | Research | Scale Barding Armor |
| 22:45 | Create | Villager (Male) |
| 22:50 | Create | Villager (Male) |
| 22:57 | Research | Wheelbarrow |
| 23:08 | Create | Villager (Male) |
| 23:09 | Create | Villager (Male) |
| 23:12 | Create | Knight |
| 23:16 | Build | Farm |
| 23:19 | Create | Knight |
| 23:32 | Create | Villager (Male) |
| 23:45 | Create | Villager (Male) |
| 23:46 | Create | Villager (Male) |
| 23:47 | Create | Villager (Male) |
| 23:47 | Create | Villager (Male) |
| 23:48 | Create | Villager (Male) |
| 23:53 | Build | Town Center |
| 24:05 | Create | Villager (Male) |
| 24:08 | Build | Farm |
| 24:11 | Build | Farm |
| 24:24 | Create | Villager (Male) |
| 24:24 | Create | Villager (Male) |
| 24:37 | Create | Villager (Male) |
| 24:42 | Create | Villager (Male) |
Build order — sacaninha
First 150 of 327 actions detected
| 0:01 | Create | Villager (Male) |
| 0:01 | Create | Villager (Male) |
| 0:01 | Create | Villager (Male) |
| 0:02 | Create | Villager (Male) |
| 0:03 | Build | House |
| 0:06 | Build | House |
| 1:23 | Create | Villager (Male) |
| 1:54 | Create | Villager (Male) |
| 2:34 | Build | Lumber Camp |
| 2:40 | Create | Villager (Male) |
| 2:44 | Create | Villager (Male) |
| 3:08 | Create | Villager (Male) |
| 3:45 | Create | Villager (Male) |
| 3:59 | Build | House |
| 4:12 | Create | Villager (Male) |
| 4:12 | Create | Villager (Male) |
| 4:26 | Create | Villager (Male) |
| 4:32 | Build | Palisade Wall |
| 4:33 | Build | House |
| 4:52 | Build | Mill |
| 4:57 | Create | Villager (Male) |
| 4:58 | Create | Villager (Male) |
| 5:36 | Create | Villager (Male) |
| 6:13 | Create | Villager (Male) |
| 6:26 | Create | Villager (Male) |
| 7:00 | Create | Villager (Male) |
| 7:24 | Build | Mining Camp |
| 7:38 | Create | Villager (Male) |
| 8:05 | Create | Villager (Male) |
| 8:31 | Research | Feudal Age |
| 8:31 | Research | Feudal Age |
| 8:35 | Build | Barracks |
| 8:45 | Build | Farm |
| 9:43 | Build | Farm |
| 9:46 | Build | Farm |
| 10:19 | Build | House |
| 10:33 | Research | Loom |
| 10:41 | Age | Feudal Age |
| 10:47 | Build | Stable |
| 10:57 | Build | Market |
| 11:19 | Create | Villager (Male) |
| 11:35 | Build | House |
| 11:53 | Research | Castle Age |
| 11:54 | Research | Castle Age |
| 12:09 | Build | House |
| 12:13 | Build | House |
| 12:16 | Build | Palisade Wall |
| 12:19 | Build | Palisade Wall |
| 12:25 | Build | Palisade Wall |
| 12:55 | Research | Double-Bit Axe |
| 12:55 | Research | Double-Bit Axe |
| 12:58 | Research | Horse Collar |
| 13:02 | Create | Scout Cavalry |
| 13:02 | Create | Scout Cavalry |
| 13:27 | Build | Farm |
| 13:34 | Create | Scout Cavalry |
| 13:34 | Create | Scout Cavalry |
| 14:05 | Create | Scout Cavalry |
| 14:18 | Build | Farm |
| 14:19 | Build | Farm |
| 14:23 | Build | Farm |
| 14:33 | Age | Castle Age |
| 14:37 | Build | Town Center |
| 14:41 | Create | Villager (Male) |
| 14:59 | Create | Villager (Male) |
| 15:08 | Research | Light Cavalry (upgrade) |
| 15:08 | Research | Light Cavalry (upgrade) |
| 15:12 | Create | Villager (Male) |
| 15:20 | Build | Farm |
| 15:39 | Create | Villager (Male) |
| 15:56 | Create | Villager (Male) |
| 15:59 | Build | Farm |
| 16:04 | Create | Villager (Male) |
| 16:07 | Build | Farm |
| 16:24 | Create | Villager (Male) |
| 16:42 | Create | Villager (Male) |
| 16:44 | Build | Farm |
| 16:59 | Create | Villager (Male) |
| 17:11 | Create | Villager (Male) |
| 17:24 | Create | Villager (Male) |
| 17:44 | Create | Villager (Male) |
| 17:47 | Build | Farm |
| 17:52 | Build | Farm |
| 17:53 | Build | Farm |
| 18:04 | Create | Villager (Male) |
| 18:05 | Create | Villager (Male) |
| 18:06 | Build | Farm |
| 18:06 | Build | Farm |
| 18:06 | Build | Farm |
| 18:07 | Build | Farm |
| 18:37 | Create | Villager (Male) |
| 18:37 | Create | Villager (Male) |
| 18:42 | Build | House |
| 19:00 | Create | Villager (Male) |
| 19:07 | Build | Town Center |
| 19:11 | Build | House |
| 19:13 | Create | Villager (Male) |
| 19:16 | Build | Farm |
| 19:20 | Create | Villager (Male) |
| 19:31 | Create | Villager (Male) |
| 19:34 | Build | Farm |
| 19:52 | Research | Bow Saw |
| 19:52 | Research | Bow Saw |
| 19:53 | Research | Wheelbarrow |
| 19:54 | Research | Wheelbarrow |
| 20:05 | Build | House |
| 20:07 | Build | House |
| 20:08 | Build | House |
| 20:17 | Create | Villager (Male) |
| 20:28 | Create | Villager (Male) |
| 20:31 | Build | Farm |
| 20:45 | Research | Stone Mining |
| 20:45 | Research | Stone Mining |
| 20:47 | Research | Gold Mining |
| 20:48 | Research | Gold Mining |
| 20:50 | Build | Farm |
| 20:50 | Create | Villager (Male) |
| 21:05 | Build | Farm |
| 21:09 | Create | Villager (Male) |
| 21:17 | Create | Villager (Male) |
| 21:30 | Create | Villager (Male) |
| 21:34 | Build | House |
| 21:36 | Build | House |
| 21:37 | Create | Villager (Male) |
| 21:40 | Build | Farm |
| 21:41 | Research | Town Watch |
| 21:41 | Research | Town Watch |
| 21:42 | Create | Villager (Male) |
| 21:45 | Build | Farm |
| 21:46 | Create | Villager (Male) |
| 21:55 | Create | Villager (Male) |
| 22:05 | Build | Monastery |
| 22:10 | Build | House |
| 22:11 | Build | House |
| 22:13 | Create | Villager (Male) |
| 22:19 | Create | Villager (Male) |
| 22:21 | Create | Villager (Male) |
| 22:30 | Build | House |
| 22:34 | Build | House |
| 22:39 | Build | House |
| 22:40 | Create | Villager (Male) |
| 22:42 | Build | Farm |
| 22:43 | Create | Villager (Male) |
| 22:45 | Create | Villager (Male) |
| 22:53 | Build | Gate |
| 22:56 | Build | House |
| 22:56 | Create | Monk |
| 22:57 | Create | Villager (Male) |
| 22:59 | Build | Farm |
| 23:00 | Build | Farm |
Build order — Forrest
First 150 of 305 actions detected
| 0:02 | Create | Villager (Male) |
| 0:02 | Create | Villager (Male) |
| 0:03 | Build | House |
| 0:05 | Build | House |
| 0:15 | Create | Villager (Male) |
| 0:15 | Create | Villager (Male) |
| 1:21 | Create | Villager (Male) |
| 1:47 | Build | Lumber Camp |
| 1:57 | Create | Villager (Male) |
| 1:57 | Create | Villager (Male) |
| 2:34 | Create | Villager (Male) |
| 2:34 | Create | Villager (Male) |
| 2:46 | Create | Villager (Male) |
| 2:47 | Create | Villager (Male) |
| 3:15 | Create | Villager (Male) |
| 3:16 | Create | Villager (Male) |
| 3:43 | Create | Villager (Male) |
| 3:43 | Create | Villager (Male) |
| 3:57 | Build | House |
| 4:11 | Create | Villager (Male) |
| 4:11 | Create | Villager (Male) |
| 4:19 | Build | House |
| 4:31 | Create | Villager (Male) |
| 4:31 | Create | Villager (Male) |
| 4:31 | Create | Villager (Male) |
| 5:31 | Create | Villager (Male) |
| 5:31 | Create | Villager (Male) |
| 5:31 | Create | Villager (Male) |
| 5:32 | Create | Villager (Male) |
| 6:06 | Create | Villager (Male) |
| 6:59 | Create | Villager (Male) |
| 7:02 | Research | Loom |
| 7:18 | Build | Mining Camp |
| 8:12 | Build | Palisade Wall |
| 8:15 | Research | Feudal Age |
| 8:17 | Create | Villager (Male) |
| 8:17 | Create | Villager (Male) |
| 9:19 | Build | House |
| 10:36 | Age | Feudal Age |
| 10:45 | Build | Blacksmith |
| 10:52 | Build | Mill |
| 11:22 | Build | Market |
| 11:29 | Create | Villager (Male) |
| 12:02 | Research | Castle Age |
| 12:17 | Build | Barracks |
| 12:30 | Research | Double-Bit Axe |
| 12:47 | Research | Horse Collar |
| 12:57 | Build | Farm |
| 13:09 | Build | Palisade Gate |
| 13:13 | Build | Farm |
| 13:19 | Build | Farm |
| 13:22 | Build | Farm |
| 13:29 | Build | Farm |
| 13:39 | Build | Farm |
| 13:42 | Build | Farm |
| 13:46 | Build | Farm |
| 13:50 | Research | Town Watch |
| 13:56 | Build | Farm |
| 13:59 | Build | Farm |
| 14:02 | Build | Farm |
| 14:13 | Build | House |
| 14:19 | Create | Villager (Male) |
| 14:42 | Age | Castle Age |
| 14:54 | Build | Stable |
| 15:01 | Create | Villager (Male) |
| 15:16 | Research | Bow Saw |
| 15:31 | Build | Farm |
| 15:36 | Build | House |
| 15:46 | Create | Knight |
| 15:48 | Create | Villager (Male) |
| 15:50 | Build | Farm |
| 15:59 | Create | Villager (Male) |
| 16:18 | Create | Knight |
| 16:18 | Create | Knight |
| 16:24 | Build | House |
| 16:26 | Build | House |
| 16:30 | Create | Knight |
| 16:30 | Create | Knight |
| 16:46 | Create | Villager (Male) |
| 16:58 | Create | Villager (Male) |
| 17:07 | Create | Villager (Male) |
| 17:12 | Build | Palisade Gate |
| 17:15 | Build | Town Center |
| 17:18 | Create | Villager (Male) |
| 17:31 | Create | Villager (Male) |
| 17:36 | Create | Villager (Male) |
| 17:42 | Create | Villager (Male) |
| 17:44 | Create | Villager (Male) |
| 17:52 | Create | Knight |
| 17:52 | Create | Knight |
| 17:57 | Build | Farm |
| 17:58 | Create | Villager (Male) |
| 17:59 | Build | Farm |
| 18:13 | Create | Villager (Male) |
| 18:40 | Create | Villager (Male) |
| 19:03 | Create | Villager (Male) |
| 19:07 | Create | Knight |
| 19:07 | Create | Knight |
| 19:15 | Create | Villager (Male) |
| 19:23 | Build | Town Center |
| 19:28 | Create | Villager (Male) |
| 19:33 | Build | Farm |
| 19:35 | Create | Villager (Male) |
| 19:37 | Build | Farm |
| 19:57 | Create | Villager (Male) |
| 19:57 | Create | Villager (Male) |
| 20:01 | Build | Farm |
| 20:02 | Build | Farm |
| 20:02 | Build | Farm |
| 20:02 | Build | Farm |
| 20:03 | Build | Farm |
| 20:03 | Build | Farm |
| 20:03 | Build | Farm |
| 20:03 | Build | Farm |
| 20:07 | Create | Villager (Male) |
| 20:07 | Create | Villager (Male) |
| 20:11 | Create | Villager (Male) |
| 20:11 | Create | Villager (Male) |
| 20:24 | Create | Villager (Male) |
| 20:27 | Build | Farm |
| 20:30 | Build | Farm |
| 20:40 | Create | Villager (Male) |
| 20:40 | Create | Villager (Male) |
| 20:46 | Create | Villager (Male) |
| 20:46 | Create | Villager (Male) |
| 20:50 | Build | Farm |
| 20:50 | Build | Farm |
| 20:50 | Build | Farm |
| 20:50 | Build | Farm |
| 20:51 | Build | Farm |
| 20:51 | Build | Farm |
| 20:53 | Create | Villager (Male) |
| 20:54 | Create | Villager (Male) |
| 21:03 | Create | Knight |
| 21:04 | Create | Villager (Male) |
| 21:04 | Create | Villager (Male) |
| 21:07 | Create | Villager (Male) |
| 21:07 | Create | Villager (Male) |
| 21:09 | Build | Farm |
| 21:11 | Build | Farm |
| 21:15 | Create | Villager (Male) |
| 21:15 | Create | Villager (Male) |
| 21:19 | Create | Villager (Male) |
| 21:19 | Create | Villager (Male) |
| 21:21 | Create | Villager (Male) |
| 21:25 | Build | Farm |
| 21:30 | Create | Villager (Male) |
| 21:30 | Create | Villager (Male) |
| 21:33 | Build | House |
| 21:34 | Build | House |
Build order — facu
First 150 of 407 actions detected
| 0:01 | Create | Villager (Male) |
| 0:02 | Create | Villager (Male) |
| 0:02 | Create | Villager (Male) |
| 0:04 | Build | House |
| 0:05 | Build | House |
| 0:12 | Create | Villager (Male) |
| 1:20 | Create | Villager (Male) |
| 1:54 | Create | Villager (Male) |
| 1:59 | Build | Lumber Camp |
| 2:11 | Create | Villager (Male) |
| 2:37 | Create | Villager (Male) |
| 3:15 | Create | Villager (Male) |
| 3:40 | Build | House |
| 3:45 | Create | Villager (Male) |
| 3:46 | Create | Villager (Male) |
| 3:52 | Build | House |
| 3:53 | Build | House |
| 4:00 | Create | Villager (Male) |
| 4:21 | Create | Villager (Male) |
| 4:21 | Create | Villager (Male) |
| 4:57 | Create | Villager (Male) |
| 5:03 | Create | Villager (Male) |
| 5:05 | Build | Palisade Wall |
| 5:06 | Build | Palisade Wall |
| 5:06 | Build | Palisade Wall |
| 5:16 | Build | Mill |
| 5:34 | Create | Villager (Male) |
| 5:52 | Create | Villager (Male) |
| 6:19 | Create | Villager (Male) |
| 6:22 | Build | Farm |
| 6:23 | Build | Farm |
| 6:39 | Build | Farm |
| 6:45 | Create | Villager (Male) |
| 6:50 | Create | Villager (Male) |
| 6:54 | Create | Villager (Male) |
| 7:14 | Create | Villager (Male) |
| 7:14 | Create | Villager (Male) |
| 7:14 | Create | Villager (Male) |
| 7:23 | Build | Palisade Wall |
| 7:25 | Build | Palisade Wall |
| 8:25 | Build | Mining Camp |
| 8:58 | Research | Feudal Age |
| 9:11 | Build | Palisade Wall |
| 9:45 | Build | Palisade Wall |
| 10:17 | Create | Villager (Male) |
| 10:38 | Research | Loom |
| 10:58 | Build | Palisade Wall |
| 11:04 | Build | Palisade Wall |
| 11:08 | Age | Feudal Age |
| 11:10 | Create | Villager (Male) |
| 11:13 | Build | Market |
| 11:16 | Build | Blacksmith |
| 11:30 | Build | Palisade Wall |
| 12:14 | Research | Castle Age |
| 12:14 | Research | Castle Age |
| 12:27 | Build | Palisade Wall |
| 12:29 | Build | Palisade Wall |
| 12:36 | Build | Palisade Wall |
| 12:44 | Build | Palisade Wall |
| 12:57 | Build | Palisade Wall |
| 12:58 | Build | Palisade Wall |
| 13:10 | Build | Barracks |
| 13:14 | Build | Palisade Wall |
| 13:18 | Build | Palisade Wall |
| 13:18 | Build | Palisade Wall |
| 13:23 | Build | House |
| 13:49 | Build | Palisade Wall |
| 14:12 | Create | Spearman |
| 14:26 | Research | Double-Bit Axe |
| 14:30 | Research | Horse Collar |
| 14:49 | Build | Palisade Wall |
| 14:54 | Age | Castle Age |
| 15:07 | Create | Villager (Male) |
| 15:21 | Build | Palisade Wall |
| 15:23 | Build | Palisade Wall |
| 15:25 | Build | Palisade Wall |
| 15:25 | Create | Villager (Male) |
| 15:43 | Build | Town Center |
| 15:45 | Create | Villager (Male) |
| 15:46 | Create | Villager (Male) |
| 15:49 | Build | House |
| 15:50 | Build | Palisade Wall |
| 15:57 | Research | Bow Saw |
| 16:02 | Build | Farm |
| 16:04 | Build | Farm |
| 16:20 | Create | Villager (Male) |
| 16:38 | Build | Town Center |
| 16:44 | Build | Palisade Wall |
| 16:48 | Build | Palisade Wall |
| 16:49 | Build | Palisade Wall |
| 17:02 | Create | Villager (Male) |
| 17:03 | Create | Villager (Male) |
| 17:06 | Build | Farm |
| 17:11 | Build | Farm |
| 17:14 | Create | Villager (Male) |
| 17:14 | Create | Villager (Male) |
| 17:45 | Build | Farm |
| 17:56 | Build | Farm |
| 18:04 | Create | Villager (Male) |
| 18:05 | Create | Villager (Male) |
| 18:06 | Create | Villager (Male) |
| 18:06 | Create | Villager (Male) |
| 18:06 | Create | Villager (Male) |
| 18:14 | Create | Villager (Male) |
| 18:14 | Create | Villager (Male) |
| 18:16 | Build | Farm |
| 18:22 | Build | House |
| 18:23 | Build | House |
| 18:25 | Build | Farm |
| 18:31 | Build | Farm |
| 18:40 | Build | Farm |
| 18:47 | Build | Farm |
| 18:51 | Build | Farm |
| 18:52 | Create | Villager (Male) |
| 18:52 | Create | Villager (Male) |
| 19:00 | Create | Villager (Male) |
| 19:06 | Create | Villager (Male) |
| 19:12 | Create | Villager (Male) |
| 19:13 | Create | Villager (Male) |
| 19:29 | Build | Monastery |
| 19:31 | Create | Villager (Male) |
| 19:37 | Build | House |
| 19:42 | Create | Villager (Male) |
| 19:42 | Create | Villager (Male) |
| 19:47 | Build | Farm |
| 19:48 | Create | Villager (Male) |
| 19:49 | Build | Farm |
| 20:03 | Create | Villager (Male) |
| 20:03 | Create | Villager (Male) |
| 20:06 | Build | Farm |
| 20:07 | Create | Villager (Male) |
| 20:07 | Create | Villager (Male) |
| 20:19 | Create | Villager (Male) |
| 20:21 | Create | Monk |
| 20:21 | Create | Monk |
| 20:21 | Create | Monk |
| 20:24 | Create | Spearman |
| 20:24 | Create | Spearman |
| 20:30 | Build | Palisade Wall |
| 20:41 | Create | Villager (Male) |
| 20:41 | Create | Villager (Male) |
| 20:43 | Build | House |
| 20:47 | Build | Farm |
| 21:05 | Create | Villager (Male) |
| 21:06 | Build | Farm |
| 21:08 | Build | Farm |
| 21:11 | Build | Farm |
| 21:12 | Build | Farm |
| 21:13 | Create | Villager (Male) |
| 21:13 | Create | Villager (Male) |
Match timeline
| 4:32 | sacaninha · wall_segment Palisade Wall x1 |
| 5:05 | facu · wall_segment Palisade Wall x1 |
| 5:06 | facu · wall_segment Palisade Wall x1 |
| 5:06 | facu · wall_segment Palisade Wall x1 |
| 7:14 | GdR_Grifiss(twitch.tv/grifiss84) · first_building Barracks |
| 7:23 | facu · wall_segment Palisade Wall x1 |
| 7:25 | facu · wall_segment Palisade Wall x6 |
| 8:12 | Forrest · wall_segment Palisade Wall x16 |
| 8:35 | sacaninha · first_building Barracks |
| 9:11 | facu · wall_segment Palisade Wall x4 |
| 9:45 | facu · wall_segment Palisade Wall x1 |
| 9:47 | GdR_Grifiss(twitch.tv/grifiss84) · age_up feudal |
| 9:59 | GdR_Grifiss(twitch.tv/grifiss84) · first_building Stable |
| 10:36 | Forrest · age_up feudal |
| 10:41 | sacaninha · age_up feudal |
| 10:47 | sacaninha · first_building Stable |
| 10:58 | facu · wall_segment Palisade Wall x2 |
| 11:04 | facu · wall_segment Palisade Wall x1 |
| 11:08 | facu · age_up feudal |
| 11:30 | facu · wall_segment Palisade Wall x4 |
| 12:09 | facu · first_market_sell 100 wood |
| 12:12 | facu · first_market_buy 100 food |
| 12:16 | sacaninha · wall_segment Palisade Wall x13 |
| 12:17 | Forrest · first_building Barracks |
| 12:19 | sacaninha · wall_segment Palisade Wall x1 |
| 12:25 | sacaninha · wall_segment Palisade Wall x2 |
| 12:27 | facu · wall_segment Palisade Wall x5 |
| 12:29 | GdR_Grifiss(twitch.tv/grifiss84) · wall_segment Palisade Wall x7 |
| 12:29 | facu · wall_segment Palisade Wall x5 |
| 12:30 | GdR_Grifiss(twitch.tv/grifiss84) · wall_segment Palisade Wall x3 |
| 12:36 | facu · wall_segment Palisade Wall x1 |
| 12:44 | facu · wall_segment Palisade Wall x16 |
| 12:57 | facu · wall_segment Palisade Wall x1 |
| 12:58 | facu · wall_segment Palisade Wall x1 |
| 13:10 | facu · first_building Barracks |
| 13:14 | facu · wall_segment Palisade Wall x1 |
| 13:18 | facu · wall_segment Palisade Wall x1 |
| 13:18 | facu · wall_segment Palisade Wall x1 |
| 13:49 | facu · wall_segment Palisade Wall x4 |
| 14:33 | sacaninha · age_up castle |
| 14:42 | GdR_Grifiss(twitch.tv/grifiss84) · wall_segment Palisade Wall x22 |
| 14:42 | Forrest · age_up castle |
| 14:49 | facu · wall_segment Palisade Wall x6 |
| 14:54 | Forrest · first_building Stable |
| 14:54 | facu · age_up castle |
| 15:11 | sacaninha · first_market_buy 100 food |
| 15:21 | facu · wall_segment Palisade Wall x1 |
| 15:23 | facu · wall_segment Palisade Wall x1 |
| 15:25 | facu · wall_segment Palisade Wall x1 |
| 15:50 | facu · wall_segment Palisade Wall x1 |
| 16:44 | facu · wall_segment Palisade Wall x1 |
| 16:48 | facu · wall_segment Palisade Wall x1 |
| 16:49 | facu · wall_segment Palisade Wall x1 |
| 17:08 | GdR_Grifiss(twitch.tv/grifiss84) · wall_segment Palisade Wall x5 |
| 18:12 | GdR_Grifiss(twitch.tv/grifiss84) · wall_segment Palisade Wall x1 |
| 18:15 | GdR_Grifiss(twitch.tv/grifiss84) · wall_segment Palisade Wall x1 |
| 19:29 | facu · first_building Monastery |
| 20:30 | facu · wall_segment Palisade Wall x1 |
| 21:06 | GdR_Grifiss(twitch.tv/grifiss84) · age_up castle |
| 22:05 | sacaninha · first_building Monastery |
| 22:21 | facu · first_building Castle |
| 22:59 | facu · wall_segment Stone Wall x1 |
| 23:04 | facu · wall_segment Stone Wall x1 |
| 23:05 | facu · wall_segment Stone Wall x1 |
| 23:15 | Forrest · first_building Monastery |
| 23:59 | facu · wall_segment Stone Wall x20 |
| 24:35 | sacaninha · first_building Archery Range |
| 25:13 | facu · wall_segment Stone Wall x5 |
| 25:16 | facu · wall_segment Stone Wall x1 |
| 25:44 | sacaninha · wall_segment Stone Wall x1 |
| 26:52 | sacaninha · first_market_sell 100 food |
| 27:03 | Forrest · first_market_buy 100 wood |
| 27:36 | Forrest · first_market_sell 100 food |
| 27:47 | Forrest · wall_segment Stone Wall x1 |
| 29:07 | Forrest · first_building Castle |
| 30:15 | sacaninha · first_building Castle |
| 30:29 | GdR_Grifiss(twitch.tv/grifiss84) · first_building Monastery |
| 30:49 | Forrest · age_up imperial |
| 30:56 | sacaninha · age_up imperial |
| 31:53 | GdR_Grifiss(twitch.tv/grifiss84) · first_building Castle |
| 32:45 | facu · first_building Archery Range |
| 33:02 | facu · age_up imperial |
| 33:29 | sacaninha · wall_segment Palisade Wall x1 |
| 33:32 | sacaninha · first_building Siege Workshop |
| 33:54 | Forrest · first_building Archery Range |
| 34:24 | GdR_Grifiss(twitch.tv/grifiss84) · first_building Archery Range |
| 34:38 | GdR_Grifiss(twitch.tv/grifiss84) · age_up imperial |
| 35:38 | Forrest · resign |
[ AI ANALYSIS · 1 CREDIT ]
What really happened in this match?
Wolo.gg analyzes every decision: build order, eco, micro, common mistakes by bracket. Personalized analysis on WhatsApp or Discord in 30 seconds.
Civ guide
Franks
Perfil
Jugador #2864188